Map: Blackpink LE

Players

Optimus

  • Race: Terran Terran
  • Spawn Location: 7:00

Light - Winner!

  • Race: Protoss Protoss
  • Spawn Location: 1:00

Event: WCS Leipzig 2018

VOD

Have the link to the VOD?

Description

Time

  • Played on: Jan. 26, 2018, 7:24 a.m.
  • Length: 15:22

All games in this series

Show
View Real Time Build Order
Export as new Build Order

Optimus Terran 

Build Orders: Gas First Reaper Expand, Reaper Expand, Bio Mine 

Get SALT Encoding   

  12  0:00  SCV  
  13  0:13  SCV  
  14  0:17  Supply Depot  
  14  0:25  SCV  
  15  0:29  Refinery  
  15  0:39  SCV  
  16  0:44  Barracks  
  16  0:51  SCV  
  17  1:03  SCV  
  18  1:15  SCV  
  19  1:31  Reaper  
  19  1:32  Orbital Command  
  20  1:47  Command Center  
  20  1:54  Factory  
  20  1:57  SCV  
  21  2:07  Barracks Reactor  
  21  2:09  Refinery, SCV  
  21  2:15  Supply Depot  
  22  2:22  SCV  
  23  2:37  SCV  
  24  2:42  Armory  
  24  2:43  Marine x2  
  26  2:44  Factory Tech Lab  
  26  2:49  SCV  
  27  3:00  Orbital Command  
  27  3:01  SCV, Marine x2  
  27  3:05  Widow Mine  
  32  3:14  Starport  
  32  3:18  Marine  
  32  3:19  SCV, Marine  
  34  3:25  SCV  
  34  3:26  Widow Mine  
  37  3:29  Drilling Claws  
  37  3:33  SCV  
  38  3:37  Supply Depot  
  38  3:38  SCV  
  39  3:41  Marine  
  39  3:42  Marine  
  39  3:45  SCV  
  42  3:50  Widow Mine, Medivac  
  46  3:57  Supply Depot  
  46  3:58  SCV  
  46  4:00  SCV  
  46  4:02  Marine x2  
  50  4:09  Bunker  
  50  4:10  SCV  
  50  4:11  Widow Mine  
  50  4:16  Liberator  
  53  4:21  Barracks  
  53  4:26  Barracks  
  53  4:27  Barracks Tech Lab  
  53  4:29  Engineering Bay  
  53  4:38  SCV, Barracks  
  57  4:39  SCV  
  58  4:46  Supply Depot, Stimpack  
  59  4:52  SCV  
  59  4:54  SCV  
  59  4:57  Refinery, Missile Turret  
  62  5:00  Widow Mine  
  62  5:08  SCV x2, Widow Mine  
  66  5:16  Terran Infantry Weapons Level 1  
  66  5:17  Supply Depot  
  66  5:20  SCV x2  
  68  5:24  Supply Depot  
  68  5:28  Medivac  
  70  5:39  SCV x2, Marine x2, Marauder x2  
  78  5:43  Supply Depot  
  78  5:48  Supply Depot  
  78  5:51  SCV x2  
  78  5:56  Marine x2  
  79  6:00  Marauder x2  
  79  6:03  SCV  
  84  6:09  Starport Reactor  
  84  6:10  Factory Reactor, Combat Shields  
  84  6:17  Command Center  
  84  6:19  Marine  
  84  6:20  Marine  
  86  6:28  Marauder x2  
  90  6:35  SCV  
  90  6:36  Barracks  
  90  6:37  Barracks  
  90  6:39  Marine  
  91  6:40  Marine  
  91  6:43  SCV  
  91  6:47  Concussive Shells  
  91  6:49  Medivac x2, Marauder x2  
  90  7:00  Widow Mine  
  82  7:07  SCV x2  
  84  7:10  Marauder  
  84  7:11  Supply Depot, Marauder, Marine  
  84  7:12  Marine  
  90  7:19  Widow Mine  
  90  7:21  Widow Mine, Command Center  
  93  7:26  Barracks Tech Lab  
  93  7:28  Barracks Reactor  
  93  7:32  Marauder x2  
  93  7:33  Marine x2  
  89  7:46  Marauder  
  89  7:51  Widow Mine x2  
  89  7:53  Marauder x2  
  89  7:56  Supply Depot  
  93  7:58  Refinery  
  93  8:04  Marine x4  
  99  8:07  Supply Depot  
  99  8:08  Marauder  
  101  8:14  Terran Infantry Weapons Level 2  
  101  8:15  Marauder x2  
  101  8:16  Engineering Bay  
  101  8:19  SCV x2  
  103  8:23  Widow Mine x2  
  107  8:29  Marauder  
  106  8:36  Marauder x2  
  106  8:37  Medivac  
  106  8:40  Medivac  
  99  8:50  Marine x4, Marauder  
  99  8:53  Terran Infantry Armor Level 1  
  103  8:57  Marauder x2  
  103  9:00  SCV x2  
  109  9:06  Widow Mine  
  109  9:08  Widow Mine  
  113  9:12  Marauder  
  113  9:14  Orbital Command  
  115  9:18  Marine x4  
  115  9:19  SCV, Marauder x2  
  124  9:25  Medivac  
  124  9:26  Medivac  
  124  9:28  SCV  
  129  9:31  SCV  
  129  9:38  Marauder  
  106  9:40  SCV  
  106  9:41  Marauder  
  106  9:42  Marine  
  106  9:43  SCV  
  106  9:48  Marine x2  
  106  9:49  Orbital Command  
  106  9:51  Widow Mine x2  
  104  9:56  Marauder  
  104  9:57  SCV  
  104  9:58  Liberator  
  100  10:01  SCV  
  100  10:04  Liberator  
  91  10:07  Marauder x2, Marine x2  
  91  10:12  Widow Mine x2  
  104  10:21  Marine x2  
  104  10:26  Marauder  
  111  10:29  Marauder x2  
  108  10:47  Marine x4  
  108  10:48  Marauder  
  114  10:54  Refinery  
  114  10:55  Refinery, Terran Infantry Weapons Level 3  
  114  10:56  Command Center  
  114  11:04  Terran Infantry Armor Level 2  
  113  11:06  Command Center, Marine x3  
  113  11:07  Marine  
  117  11:21  Medivac  
  117  11:23  Medivac  
  117  11:25  SCV x2  
  123  11:27  Marine x4  
  123  11:29  SCV  
  128  11:37  SCV  
  128  11:39  Widow Mine x2  
  133  11:41  Marauder x3  
  133  11:43  Liberator x2  
  129  12:03  Marauder x2  
  124  12:10  Marauder  
  124  12:11  Marine x2  
  122  12:24  Marauder x2, Marine  
  122  12:25  Liberator, Marine  
  122  12:26  Liberator  
  122  12:27  Widow Mine x2  
  127  12:40  Starport  
  127  12:43  SCV  
  132  12:47  Marauder, Marine  
  132  12:48  Marine x2  
  135  13:01  Fusion Core, Marauder x2, Sensor Tower  
  139  13:06  Marine  
  139  13:08  SCV, Marauder  
  139  13:09  SCV  
  144  13:17  Starport Tech Lab  
  144  13:18  Supply Depot  
  144  13:19  SCV  
  145  13:22  Marauder  
  145  13:25  SCV x2  
  149  13:27  Widow Mine x2  
  151  13:37  Liberator x2  
  151  13:40  Marine x2, Marauder x2  
  149  13:44  Marauder  
  129  13:55  Liberator, Marine x2  
  122  13:59  Advanced Ballistics  
  122  14:02  Marauder x2  
  125  14:05  Marauder  
  127  14:11  Marine x2  
  132  14:21  Marine x2  
  132  14:22  Liberator x2  
  132  14:23  Marauder x2  
  138  14:26  Marine  
  138  14:29  Marine  
  130  14:44  Planetary Fortress  
  126  14:49  Widow Mine x2  
  130  14:59  SCV x2  
  135  15:01  SCV  
Show
View Real Time Build Order
Export as new Build Order

Light Protoss - Winner!

Build Orders: 1 Gate Expand, Blink Stalkers 

Get SALT Encoding   

  12  0:00  Probe  
  13  0:12  Probe  
  14  0:17  Pylon  
  14  0:24  Probe (Chrono Boost)  
  15  0:36  Probe (Chrono Boost), Gateway  
  16  0:44  Probe (Chrono Boost)  
  16  0:46  Assimilator  
  17  0:50  Probe  
  18  1:03  Probe  
  19  1:15  Probe  
  20  1:24  Nexus  
  20  1:28  Probe  
  21  1:40  Cybernetics Core  
  21  1:41  Probe  
  22  1:48  Pylon  
  22  1:52  Assimilator  
  22  1:56  Probe (Chrono Boost)  
  23  2:08  Probe (Chrono Boost)  
  23  2:13  Stalker (Chrono Boost)  
  24  2:17  Probe (Chrono Boost), Warp Gate  
  27  2:23  Probe  
  27  2:27  Twilight Council  
  28  2:36  Stalker  
  30  2:40  Probe (Chrono Boost)  
  32  2:45  Probe (Chrono Boost)  
  33  2:51  Probe (Chrono Boost)  
  33  2:55  Probe (Chrono Boost)  
  33  2:56  Probe (Chrono Boost)  
  33  2:58  Blink (Chrono Boost)  
  35  3:05  Probe  
  36  3:07  Probe  
  36  3:08  Stalker  
  39  3:17  Probe  
  40  3:20  Probe  
  40  3:24  Pylon  
  41  3:29  Probe  
  41  3:32  Probe  
  43  3:38  Stalker  
  46  3:41  Probe  
  46  3:43  Gateway  
  46  3:44  Probe, Gateway  
  47  3:51  Robotics Facility  
  47  3:56  Probe  
  47  3:58  Probe  
  47  4:00  Pylon  
  49  4:07  Assimilator  
  49  4:08  Probe  
  50  4:14  Probe  
  51  4:19  Stalker  
  51  4:20  Probe  
  54  4:28  Pylon  
  55  4:32  Nexus  
  56  4:39  Observer (Chrono Boost)  
  56  4:40  Stalker  
  56  4:41  Stalker  
  56  4:42  Stalker  
  61  4:46  Charge  
  61  4:51  Pylon  
  61  4:54  Probe x2  
  61  4:58  Observer (Chrono Boost)  
  64  5:05  Stalker x2  
  64  5:06  Probe (Chrono Boost)  
  59  5:18  Probe (Chrono Boost)  
  59  5:19  Probe (Chrono Boost)  
  61  5:22  Forge  
  61  5:27  Probe (Chrono Boost)  
  63  5:29  Probe (Chrono Boost)  
  63  5:32  Probe  
  63  5:35  Observer  
  65  5:37  Stalker x2  
  65  5:39  Probe  
  70  5:45  Probe x2  
  72  5:51  Probe  
  72  5:55  Stalker  
  77  5:57  Probe x2, Observer  
  77  6:03  Probe, Protoss Ground Armor Level 1 (Chrono Boost)  
  79  6:05  Gateway  
  79  6:06  Gateway  
  79  6:10  Gateway  
  79  6:13  Probe x2  
  79  6:17  Probe  
  82  6:25  Stalker  
  82  6:26  Stalker x2  
  82  6:28  Pylon  
  82  6:29  Probe x2  
  82  6:30  Probe  
  91  6:41  Probe x2  
  91  6:42  Forge  
  84  7:02  Stalker  
  84  7:03  Stalker x2  
  84  7:06  Probe x2  
  91  7:16  Probe  
  91  7:18  Probe x2  
  91  7:19  Protoss Ground Weapons Level 1 (Chrono Boost)  
  94  7:28  Probe  
  94  7:29  Pylon  
  95  7:30  Probe x2  
  95  7:32  Pylon  
  97  7:40  Probe, Stalker x4  
  97  7:41  Stalker x2  
  97  7:42  Probe  
  86  7:51  Probe (Chrono Boost)  
  86  7:52  Probe (Chrono Boost)  
  86  7:55  Probe (Chrono Boost)  
  83  8:03  Probe x2 (Chrono Boost), Zealot  
  83  8:04  Probe (Chrono Boost), Zealot x5  
  98  8:07  Probe (Chrono Boost)  
  98  8:08  Probe (Chrono Boost)  
  98  8:09  Probe (Chrono Boost), Protoss Ground Armor Level 2 (Chrono Boost)  
  101  8:17  Probe  
  101  8:18  Probe  
  103  8:21  Probe  
  104  8:29  Probe  
  104  8:31  Probe  
  100  8:46  Zealot x3  
  100  8:47  Zealot x3  
  109  8:48  Warp Prism  
  111  8:58  Probe x3  
  114  9:03  Nexus  
  114  9:10  Probe x2  
  114  9:16  Robotics Facility  
  116  9:17  Probe  
  116  9:18  Robotics Bay  
  117  9:33  Probe  
  90  9:45  Zealot x6  
  100  9:58  Probe x2, Colossus  
  96  10:06  Extended Thermal Lance (Chrono Boost), Colossus  
  88  10:11  Zealot x3  
  88  10:12  Zealot x3  
  88  10:13  Probe x2  
  108  10:15  Probe  
  109  10:24  Gateway  
  109  10:25  Gateway  
  109  10:28  Gateway  
  88  10:40  Sentry  
  88  10:41  Stalker, Sentry  
  88  10:42  Stalker x3  
  90  10:48  Probe (Chrono Boost)  
  93  10:53  Probe (Chrono Boost)  
  93  10:54  Probe (Chrono Boost)  
  95  10:57  Probe x2 (Chrono Boost)  
  95  11:01  Probe x2 (Chrono Boost)  
  97  11:05  Stalker x3  
  103  11:12  Probe x4  
  107  11:22  Zealot x3  
  107  11:24  Probe x3  
  116  11:28  Probe  
  117  11:35  Zealot  
  117  11:36  Probe, Zealot x2  
  123  11:49  Stalker x3  
  125  12:05  Stalker x3  
  129  12:12  Probe x2  
  130  12:24  Stalker  
  130  12:27  Pylon  
  130  12:28  Probe  
  130  12:29  Pylon  
  131  12:35  Pylon  
  131  12:36  Pylon  
  127  12:43  Zealot  
  127  12:44  Zealot x2  
  131  12:45  Zealot x2  
  131  12:46  Zealot  
  131  12:47  Zealot x3  
  145  12:52  Protoss Ground Weapons Level 2 (Chrono Boost)  
  145  12:53  Protoss Ground Armor Level 3 (Chrono Boost)  
  145  12:54  Probe x2  
  147  13:04  Colossus (Chrono Boost)  
  149  13:06  Probe, Assimilator  
  154  13:18  Colossus (Chrono Boost)  
  160  13:33  Zealot x6  
  119  14:04  Zealot x3  
  119  14:05  Zealot x6  
  137  14:12  Probe x2  
  137  14:15  Probe x2  
  141  14:24  Colossus x2  
  141  14:27  Stalker  
  155  14:36  Stalker  
  157  14:42  Assimilator  
  157  14:43  Zealot x3  
  157  14:45  Assimilator  
  163  14:46  Pylon  
  163  14:47  Pylon  
  163  14:48  Pylon  
  163  15:01  Assimilator  
  163  15:03  Assimilator  
  163  15:04  Probe x2, Pylon  
  163  15:06  Pylon  
  165  15:07  Zealot  
  165  15:08  Zealot x8  
  165  15:11  Pylon  
Tags
 
Add a new tag
Caveats
  • Supply blocks, unpowered buildings, or Contaminate may cause inaccurate times.
  • Supply counts are checked every 10 seconds.